 Dungeon Crawl Stone Soup version 0.20-a0-903-g7e3609c (webtiles) character file.

60 Rrauwl the Firebug (level 4, 0/38 HPs)
             Began as a Hill Orc Fire Elementalist on Mar 20, 2017.
             Slain by Grinder (4 damage)
             ... while paralysed by Grinder
             ... on level 3 of the Dungeon.
             The game lasted 00:14:52 (3771 turns).

Rrauwl the Firebug (Hill Orc Fire Elementalist)     Turns: 3771, Time: 00:14:53

Health: 0/38       AC:  3    Str: 10    XL:     4   Next: 6%
Magic:  1/7        EV:  2    Int: 16    God:
Gold:   167        SH:  0    Dex: 11    Spells: 6/7 levels left

rFire    . . .     SeeInvis .   (no weapon)
rCold    . . .     Gourm    .   a - +1 robe
rNeg     . . .     Faith    .   (no shield)
rPois    .         Spirit   .   (no helmet)
rElec    .         Reflect  .   e - scarf {repulsion}
rCorr    .         Harm     .   (no gloves)
MR       .....                  (no boots)
Stlth    +++.......             (no amulet)
Regen    0.2/turn               q - ring of flight
MPRegen  0.1/turn               g - ring of stealth

@: paralysed, repel missiles
A: no striking features
a: Evoke Flight


You were on level 3 of the Dungeon.
You were not hungry.

You visited 1 branch of the dungeon, and saw 4 of its levels.

You collected 167 gold pieces.

Inventory:

Missiles
 k - 32 arrows
 m - 43 sling bullets
 o - 39 bolts
 u - 19 stones (quivered)
Armour
 a - a +1 robe (worn)
 d - a +1 hat
 e - a scarf of repulsion (worn)
Jewellery
 g - a ring of stealth (left hand)
 q - a ring of flight (right hand)
Scrolls
 f - a scroll of teleportation
 l - 2 scrolls of identify
Potions
 h - 2 potions of cancellation
 i - 2 potions of curing
 j - a potion of invisibility
 r - a potion of brilliance
 t - a potion of might
Books
 b - a book of Flames

   Spells                             Type                      Level
   a - Flame Tongue                   Conjuration/Fire             1
   b - Throw Flame                    Conjuration/Fire             2
   c - Conjure Flame                  Conjuration/Fire             3
   d - Inner Flame                    Hexes/Fire                   3
   e - Sticky Flame                   Conjuration/Fire             4
   f - Fireball                       Conjuration/Fire             5
Comestibles
 c - 3 bread rations
 p - 3 royal jellies
 s - a meat ration


   Skills:
 + Level 3.1 Fighting
 - Level 2.1 Dodging
 - Level 1.5 Stealth
 - Level 2.0 Spellcasting
 - Level 1.0 Conjurations
 - Level 3.2 Fire Magic


You had 6 spell levels left.
You knew the following spells:

 Your Spells              Type           Power        Failure   Level  Hunger
a - Flame Tongue          Conj/Fire      #....        10%         1    #......


Dungeon Overview and Level Annotations

Branches:
Dungeon (4/15)
 Temple: D:4-7

Altars:

Annotations:
D:3 Grinder
D:4 Robin


Message History

Aiming: Flame Tongue
Press: ? - help, Shift-Dir - straight line, f/p - Grinder
Aim: Grinder (heavily wounded)
The flame tongue hits Grinder.
Grinder appears unharmed.
Grinder is heavily wounded.
Grinder barely misses you.
You closely miss Grinder.
Grinder is heavily wounded.
Grinder gestures at you.
You suddenly lose the ability to move!
Grinder hits you but does no damage. Grinder hits you.
You writhe in agony.
Grinder hits you!
* * * LOW HITPOINT WARNING * * *
You writhe in agony.
* * * LOW HITPOINT WARNING * * *
Grinder hits you.
* * * LOW HITPOINT WARNING * * *
You writhe in agony.
You die...

#####...#####..........
#.....#.....)##....
##......).#........
##..#.#...#........
#####......#.##........
##...#.........#...##...
##..............#...##...
#...................#####
#.......@.....#######
#.......5....##
##..........##
##...##...## ####*#####


You could see Grinder.

Vanquished Creatures
  An adder (D:3)
  A dart slug (D:3)
  4 leopard geckos
  An orc (D:3)
  A ball python (D:2)
  A giant cockroach (D:3)
  6 goblins
  8 hobgoblins
  A jackal (D:3)
  A quokka (D:3)
  3 bats
  9 frilled lizards
  3 kobolds (D:2)
  4 rats
44 creatures vanquished.

Notes
Turn   | Place    | Note
-------+----------+-------------------------------------------
     0 | D:1      | Rrauwl the Hill Orc Fire Elementalist began the quest for the Orb.
     0 | D:1      | Reached XP level 1. HP: 14/14 MP: 3/3
   716 | D:1      | Reached skill level 1 in Fighting
   716 | D:1      | Reached XP level 2. HP: 11/23 MP: 4/4
  2164 | D:2      | Reached XP level 3. HP: 29/29 MP: 2/5
  2808 | D:3      | Noticed Grinder
  3311 | D:4      | Noticed Robin
  3521 | D:3      | Reached XP level 4. HP: 27/38 MP: 3/7
  3767 | D:3      | Paralysed by Grinder for 7 turns
  3771 | D:3      | Slain by Grinder

Vault maps used:
D:1:      lemuel_arrival_river_ford, minmay_lizard_king
D:3:      first_bread, hangedman_decor_lopped, uniq_grinder
D:4:      gup_sewer_entry_bubbles, minivault_5, uniq_robin

Skill      XL: |  1  2  3 |
---------------+----------+-----
Fighting       | 1 2 3 |  3.1
Dodging        | 2 |  2.1
Spellcasting   | 2 |  2.0
Stealth        | |  1.5
Conjurations   | |  1.0
Fire Magic     | |  3.2

Action                   |  1- 3 |  4- 6 || total
-------------------------+-------+-------++-------
Melee: Unarmed           |   104 |     1 ||   105
 Cast: Flame Tongue      |    64 |    13 ||    77
  Use: Scroll            |     9 |     1 ||    10
       Potion            |     5 |       ||     5
 Stab: Sleeping          |     3 |       ||     3
  Eat: Chunk             |     7 |       ||     7
       Meat ration       |     1 |       ||     1
Armor: Robe              |    24 |     2 ||    26
Dodge: Dodged            |    95 |     1 ||    96
       Deflected         |     6 |     1 ||     7
